 Dungeon Crawl Stone Soup version 0.31.0-12-g77e489cdc1 (webtiles) character file.

Game seed: 11399060591343791733

124 Killerpretzel the Changeling (level 5, -1/34 HPs)
             Began as an Octopode Shapeshifter on Mar 6, 2024.
             Slain by an orc priest
             ... wielding a +0 club
              (3 damage)
             ... on level 3 of the Dungeon.
             The game lasted 00:01:04 (2260 turns).

Killerpretzel the Changeling (OpSh)                 Turns: 2260, Time: 00:01:05

Health: -1/34      AC:  1    Str: 14    XL:     5   Next: 8%
Magic:  5/5        EV: 13    Int: 12    God:
Gold:   129        SH:  0    Dex: 13    Spells: 4/4 levels left

rFire   . .          .
                       - Unarmed
rCold   . . .        (no shield)
rNeg    . . .        (helmet currently unavailable)
rPois   .            (no amulet)
rElec   .            (no ring)
rCorr   .            (no ring)
SInv    .            (no ring)
Will    .....        (no ring)
Stlth   ++           (no ring)
HPRegen 0.25/turn    (no ring)
MPRegen 0.09/turn    (no ring)
                     (no ring)

%: no passive effects
@: beast-form
A: beast (slay +2), almost no armour, amphibious, 8 rings, camouflage 1,
gelatinous body 1, (nimble swimmer 1), tentacles
a: Begin Untransformation


You were on level 3 of the Dungeon.
You were a hulking beast.
You visited 1 branch of the dungeon, and saw 3 of its levels.

You collected 129 gold pieces.

Inventory:

Talismans
 b - a beast talisman
 c - a flux talisman
Scrolls
 d - 2 scrolls of immolation
 h - 4 scrolls of fog
Potions
 a - a potion of lignification
 e - a potion of curing {unknown}
 f - 3 potions of invisibility
 i - 2 potions of heal wounds {unknown}
 j - a potion of magic {unknown}
 k - a potion of berserk rage {unknown}


   Skills:
 + Level 2.2 Fighting
 + Level 2.8 Dodging
 + Level 3.6 Unarmed Combat
 * Level 4.0 Shapeshifting


You had 4 spell levels left.
You didn't know any spells.
Your spell library contained the following spells:

 Spells                   Type           Power      Damage    Failure   Level
 Static Discharge         Conj/Air       0%         3-3/arc   45%         2
 Fugue of the Fallen      Necr           0%         N/A       69%         3
 Ozocubu's Armour         Ice            0%         N/A       69%         3
 Airstrike                Air            0%         2d(0-16)  97%         4
 Manifold Assault         Tloc           0%         N/A       97%         4
 Summon Lightning Spire   Summ/Air       0%         N/A       97%         4


Dungeon Overview and Level Annotations

Branches:
Dungeon (3/15)

Altars:

Shops:
D:1 [


Innate Abilities, Weirdness & Mutations

You are a hulking beast.
Your limbs bulge with bestial killing power. (Slay +2)
You cannot wear most types of armour.
You are amphibious.
You can wear up to eight rings at the same time.
Your skin changes colour to match your surroundings (Stealth+).
Your rubbery body absorbs attacks. (AC +1, EV +1)
((You are camouflaged when in or above water. (Stealth+)))
You have tentacles for arms and can constrict up to eight enemies at once.


Message History

There are monsters nearby!
You tentacle-slap the orc priest.
The orc priest is moderately wounded.
You constrict the orc priest.
The orc priest invokes the aid of Beogh against you.
You barely resist. You tentacle-slap the orc priest.
You squeeze the orc priest.
The orc priest is severely wounded.
You constrict the orc priest.
The orc hits you with a +1 whip of freezing.
The orc freezes you.
The orc priest invokes the aid of Beogh against you.
Beogh smites you!
You hear a shout!
You tentacle-slap the orc priest. You squeeze the orc priest.
You kill the orc priest!
The orc hits you with a +0 short sword.
The orc hits you with a +1 whip of freezing.
The orc freezes you.
Your Shapeshifting skill increases to level 4!
You have reached level 5!
You feel stronger.
You tentacle-slap the orc. Your grab misses the orc.
The orc is heavily wounded.
The orc hits you with a +0 short sword.
* * * LOW HITPOINT WARNING * * *
The orc hits you with a +1 whip of freezing.
* * * LOW HITPOINT WARNING * * *
The orc freezes you.
* * * LOW HITPOINT WARNING * * *
You bludgeon the orc!
You kill the orc!
An orc priest comes into view. It is wielding a +0 club.
The orc barely misses you.
You barely miss the orc. You grab the orc. Your squeeze misses the orc.
You constrict the orc, but do no damage.
The orc barely misses you.
You barely miss the orc priest. Your grab misses the orc priest.
You constrict the orc, but do no damage.
The orc priest hits you with a +0 club.
You die...

#.<####.###.......##..#..####
#.......# #..#........#..##.#
##.###### #).#.#......#..##.#
#.# ###...........#..#... #..
......#[..........#..# ###
#.##..#....#..........
#..#...............
##.##o......#..##..#...
#....)h............#...
#..###o#†###...###.#.##
...........###.#.##
###.....##..........
#####.....######## .### .# #


You could see an orc priest and an orc.

Vanquished Creatures
  An orc priest (D:3)
  3 adders (D:2)
  2 ribbon worms (D:2)
  An orc (D:3)
  2 endoplasms (D:1)
  4 giant cockroaches
  6 goblins
  6 hobgoblins
  6 jackals
  3 quokkas
  6 ball pythons
  4 bats
  4 frilled lizards (D:1)
  8 kobolds
  2 rats (D:1)
58 creatures vanquished.

Notes
Turn   | Place    | Note
-------+----------+-------------------------------------------
     0 | D:1      | Killerpretzel the Octopode Shapeshifter began the quest for
                  | the Orb.
     0 | D:1      | Reached XP level 1. HP: 13/13 MP: 1/1
    77 | D:1      | Reached XP level 2. HP: 16/18 MP: 2/2
   651 | D:1      | Found Gaucwem's Armour Emporium.
   661 | D:1      | Reached XP level 3. HP: 22/23 MP: 3/3
  1143 | D:2      | Found a faded altar of an unknown god.
  1379 | D:2      | Reached XP level 4. HP: 19/29 MP: 4/4
  2257 | D:3      | Reached skill level 4 in Shapeshifting
  2257 | D:3      | Reached XP level 5. HP: 9/34 MP: 5/5
  2257 | D:3      | HP: 1/34 [orc/+1 whip of freezing (1)]
  2260 | D:3      | Slain by an orc priest

Illustrated notes

Levels and vault maps discovered:
D:1:      wander_arrival_fairy_ring, layout_loops_corners, serial_forest,
          infiniplex_forest_join, infiniplex_forest_clump_tiny,
          infiniplex_forest_lined_corner, infiniplex_forest_lined_2,
          infiniplex_forest_lined_3, infiniplex_forest_clump_cross,
          infiniplex_forest_clump_medium, infiniplex_forest_clump_curved,
          serial_shops, nicolae_shop_tiny_real_fake_doors,
          nicolae_figureground_pulse
D:2:      minmay_chambers_of_twos, layout_loops_cross, basic_ecumenical_altar
D:3:      layout_basic, uniq_natasha

Skill      XL: |  1  2  3  4 |
---------------+-------------+-----
Fighting       | 2 |  2.2
Shapeshifting  | 4 |  4.0
Dodging        | |  2.8
Unarmed Combat | |  3.6

Action                     |  1- 3 |  4- 6 || total
---------------------------+-------+-------++-------
  Melee: Unarmed           |    76 |    33 ||   109
         Constrict         |    22 |     8 ||    30
         Tentacles         |     8 |     4 ||    12
         Punch             |     2 |       ||     2
    Use: Scroll            |     1 |     2 ||     3
   Stab: Sleeping          |     8 |     6 ||    14
 Armour: Skin              |    29 |    15 ||    44
  Dodge: Dodged            |    45 |    20 ||    65
